 Dungeon Crawl Stone Soup version 0.29-a0-338-g1ff7896281 (webtiles) character file.

Game seed: 9682627468264092201

521 dracfodder the Chopper (level 7, -6/61 HPs)
             Began as a Minotaur Abyssal Knight on Apr 17, 2022.
             Was an Elder of Lugonu.
             Mangled by Crazy Yiuf
             ... wielding a +4 quarterstaff of chaos
              (7 damage)
             ... on level 3 of the Dungeon.
             The game lasted 00:08:44 (2771 turns).

dracfodder the Chopper (Minotaur Abyssal Knight)    Turns: 2771, Time: 00:08:44

Health: -6/61      AC:  6    Str: 20    XL:     7   Next: 1%
Magic:  7/7        EV: 12    Int:  7    God:    Lugonu [****..]
Gold:   96         SH:  0    Dex: 10    Spells: 6/6 levels left

rFire   . . .      SeeInvis .   a - +2 hand axe
rCold   . . .      Faith    .   (no shield)
rNeg    + . .      Spirit   .   m - +3 leather armour {rN+}
rPois   .          Reflect  .   (helmet restricted)
rElec   .          Harm     .   (no cloak)
rCorr   .          Rampage  .   (no gloves)
Will    .....                   (no boots)
Stlth   +.........              g - amulet of the acrobat
HPRegen 0.20/turn               (no ring)
MPRegen 0.10/turn               (no ring)

@: lethally poisoned (-6 -> -12)
A: horns 2, retaliatory headbutt
a: Renounce Religion, Depart the Abyss, Bend Space, Banish, Corrupt


You were on level 3 of the Dungeon.
You worshipped Lugonu.
Lugonu was greatly pleased with you.
You visited 1 branch of the dungeon, and saw 3 of its levels.
You visited the Abyss 1 time.

You collected 96 gold pieces.

Inventory:

Hand Weapons
 a - a +2 hand axe (weapon)
Missiles
 e - 7 poisoned darts
Armour
 m - a +3 leather armour of positive energy (worn)
Jewellery
 g - an amulet of the acrobat (around neck)
 k - a +6 ring of dexterity
Wands
 l - a wand of digging (5)
Scrolls
 c - a scroll of torment {unknown}
 d - 2 scrolls of identify
 h - a scroll of vulnerability {unknown}
Potions
 f - 2 potions of curing
 i - a potion of haste {unknown}
 j - a potion of flight {unknown}


   Skills:
 + Level 5.4 Fighting
 + Level 6.8 Axes
 + Level 3.8 Armour
 + Level 2.5 Dodging
 + Level 1.1 Stealth
 + Level 1.8 Invocations


You had 6 spell levels left.
You didn't know any spells.
Your spell library contained the following spells:

 Spells                   Type           Power      Damage    Failure   Level
 Summon Guardian Golem    Hex/Summ       0%         N/A       85%         3
 Olgreb's Toxic Radiance  Pois           0%         N/A       99%         4
 Orb of Destruction       Conj           0%         9d5       100%        7
 Ozocubu's Refrigeration  Ice            0%         4d5       100%        7
 Spellforged Servitor     Conj/Summ      0%         N/A       100%        7
 Ignition                 Fire           0%         3d3       100%        8


Dungeon Overview and Level Annotations

Branches:
Dungeon (3/15)

Altars:
Gozag
Qazlal

Annotations:
D:3 Crazy Yiuf


Innate Abilities, Weirdness & Mutations

You have a pair of horns on your head.
You reflexively headbutt those who attack you in melee.


Message History

Crazy Yiuf completely misses you.
There is an open translucent door here.
You hit Crazy Yiuf but do no damage.
You headbutt Crazy Yiuf, but do no damage.
Crazy Yiuf barely misses you.
You hit Crazy Yiuf.
Crazy Yiuf is lightly wounded.
Crazy Yiuf hits you with a +4 quarterstaff of chaos!
Crazy Yiuf freezes you.
You barely miss Crazy Yiuf. Your headbutt misses Crazy Yiuf.
Crazy Yiuf is lightly wounded.
Crazy Yiuf yells, "Rot!"
Crazy Yiuf hits you with a +4 quarterstaff of chaos!
You are poisoned.
You completely miss Crazy Yiuf. You headbutt Crazy Yiuf!
Crazy Yiuf is severely wounded.
You feel very sick.
Crazy Yiuf hits you with a +4 quarterstaff of chaos!
You are electrocuted!
* * * LOW HITPOINT WARNING * * *
You hit Crazy Yiuf.
You headbutt Crazy Yiuf, but do no damage.
Crazy Yiuf is almost dead.
* * * LOW HITPOINT WARNING * * *
You feel very sick. Crazy Yiuf barely misses you.
You hit Crazy Yiuf but do no damage.
Crazy Yiuf is almost dead.
* * * LOW HITPOINT WARNING * * *
You feel very sick.
Crazy Yiuf hits you with a +4 quarterstaff of chaos.
* * * LOW HITPOINT WARNING * * *
Crazy Yiuf burns you.
* * * LOW HITPOINT WARNING * * *
You hit Crazy Yiuf but do no damage.
Crazy Yiuf is almost dead.
* * * LOW HITPOINT WARNING * * *
You feel sick.
Crazy Yiuf hits you with a +4 quarterstaff of chaos!
You die...

.<.........#
##..##
#...........
....########
#....#
############
...[# ##...#
#... #...#
##.## ###...
....# ##.#
#..... ..#.#
#.## #....#
###.# ##.#
#....# #.#
#.## #....#
###.## #@#
#....# .....#
#.g.# ######
.....# #...#
.....####
#)..#
..†.....#
#####
##......####
##.........#
#.......######
.....≈≈≈≈≈≈≈≈#


You could see Crazy Yiuf.

Vanquished Creatures
  Grinder (D:3)
  Sigmund (D:2)
  A hound (D:3)
  Ijyb (D:3)
  Robin (D:2)
  4 adders
  A dart slug (D:1)
  5 ball pythons
  7 endoplasms
  14 goblins
  10 hobgoblins
  3 kobolds
  4 quokkas
  9 bats
  A frilled lizard (D:1)
  5 rats
68 creatures vanquished.

Notes
Turn   | Place    | Note
-------+----------+-------------------------------------------
     0 | Abyss:1  | dracfodder the Minotaur Abyssal Knight began the quest for
                  | the Orb.
     0 | Abyss:1  | Reached XP level 1. HP: 19/19 MP: 1/1
     1 | Abyss:1  | Found a corrupted altar of Lugonu.
    14 | D:1      | Escaped the Abyss
   272 | D:1      | Reached XP level 2. HP: 16/27 MP: 2/2
   662 | D:1      | Reached skill level 3 in Axes
  1032 | D:2      | Reached *** piety under Lugonu
  1033 | D:2      | Reached XP level 3. HP: 29/34 MP: 3/3
  1042 | D:2      | Noticed Robin
  1051 | D:2      | Killed Robin
  1339 | D:2      | Reached skill level 4 in Axes
  1440 | D:2      | Noticed Sigmund
  1451 | D:2      | Killed Sigmund
  1452 | D:2      | Reached skill level 5 in Axes
  1452 | D:2      | Reached XP level 4. HP: 40/41 MP: 4/4
  1452 | D:2      | Reached XP level 5. HP: 46/47 MP: 5/5
  1734 | D:3      | Reached skill level 5 in Fighting
  1734 | D:3      | Reached XP level 6. HP: 49/56 MP: 6/6
  2020 | D:3      | Found a runed translucent door.
  2021 | D:3      | Noticed Crazy Yiuf
  2067 | D:3      | Reached skill level 6 in Axes
  2092 | D:3      | Noticed Ijyb
  2113 | D:3      | Killed Ijyb
  2378 | D:3      | Noticed Grinder
  2388 | D:3      | Paralysed by Grinder for 2 turns
  2390 | D:3      | Killed Grinder
  2391 | D:3      | Reached skill level 1 in Stealth
  2593 | D:3      | Found a stormy altar of Qazlal.
  2595 | D:3      | Found an opulent altar of Gozag.
  2611 | D:3      | Reached **** piety under Lugonu
  2612 | D:3      | Reached XP level 7. HP: 61/61 MP: 7/7
  2770 | D:3      | HP: 3/61 [Crazy Yiuf/+4 quarterstaff of chaos (1)]
  2771 | D:3      | HP: 1/61 [poisoned by Crazy Yiuf]
  2771 | D:3      | Mangled by Crazy Yiuf

Illustrated notes

Levels and vault maps discovered:
D:1:      dpeg_arrival_snail, layout_loops_ring
D:2:      layout_basic, uniq_sigmund, uniq_robin
D:3:      layout_basic, nicolae_overflow_squiral, uniq_grinder, uniq_ijyb,
          uniq_crazy_yiuf_cottage

Skill      XL: |  1  2  3  4  5  6 |
---------------+-------------------+-----
Fighting       | 4 5 |  5.4
Axes           | 3 5 6 |  6.8
Armour         | 3 |  3.8
Dodging        | 2 |  2.5
Stealth        | 1 |  1.1
Invocations    | |  1.8

Action                   |  1- 3 |  4- 6 |  7- 9 || total
-------------------------+-------+-------+-------++-------
Melee: Hand axe          |    94 |    54 |     7 ||   155
       Headbutt          |    11 |    11 |     3 ||    25
       Punch             |     1 |       |       ||     1
  Use: Scroll            |     4 |       |       ||     4
 Stab: Sleeping          |       |     1 |       ||     1
Armor: Leather armour    |    22 |     5 |       ||    27
Dodge: Dodged            |    63 |    26 |     3 ||    92

Table legend: (Time is in decaauts)
 A = Elapsed time spent in this place.
 B = Non-inter-level travel time spent in this place.
 C = Inter-level travel time spent in this place.
 D = Time resting spent in this place.
 E = Time spent auto-exploring this place.
 F = Levels seen in this place.
 G = Mean time per level.
                   A        B        C        D        E       F      G
               +--------+--------+--------+--------+--------+-----+--------+
         Total |   2782 |   2731 |     51 |    216 |   2059 |   4 |  695.5 |
       Dungeon |   2768 |   2717 |     51 |    216 |   2050 |   3 |  922.7 |
         Abyss |     14 |     14 |      0 |      0 |      9 |   1 |   14.0 |
               +--------+--------+--------+--------+--------+-----+--------+

Top non-repeatable levels by time:
     D:3: 1072 daAuts
     D:1: 1019 daAuts
     D:2: 677 daAuts
 Abyss:1: 14 daAuts
